 Dungeon Crawl Stone Soup version 0.28.0 (webtiles) character file.

Game seed: 296457888831190308

487 Crownlay the Poker (level 6, -6/56 HPs)
             Began as a Minotaur Fighter on Feb 11, 2022.
             Mangled by an iguana (12 damage)
             ... on level 4 of the Dungeon.
             The game lasted 00:03:12 (2426 turns).

Crownlay the Poker (Minotaur Fighter)               Turns: 2426, Time: 00:03:12

Health: -6/56      AC:  8    Str: 21    XL:     6   Next: 89%
Magic:  5/5        EV:  9    Int:  5    God:
Gold:   137        SH:  5    Dex: 11    Spells: 5/5 levels left

rFire   . . .      SeeInvis .   a - +0 trident
rCold   . . .      Faith    .   c - +0 buckler
rNeg    . . .      Spirit   .   b - +0 scale mail
rPois   .          Reflect  .   (helmet restricted)
rElec   .          Harm     .   (no cloak)
rCorr   .          Rampage  .   r - +0 pair of gloves
Will    .....                   (no boots)
Stlth   ..........              (no amulet)
HPRegen 0.18/turn               (no ring)
MPRegen 0.09/turn               (no ring)

@: no status effects
A: horns 2, retaliatory headbutt
a: no special abilities


You were on level 4 of the Dungeon.
You visited 1 branch of the dungeon, and saw 4 of its levels.

You collected 137 gold pieces.

Inventory:

Hand Weapons
 a - a +0 trident (weapon)
Armour
 b - a +0 scale mail (worn)
 c - a +0 buckler (worn)
 g - a +0 plate armour
 r - a +0 pair of gloves (worn)
Scrolls
 d - 2 scrolls of fear {unknown}
 e - a scroll of magic mapping {unknown}
 f - 2 scrolls of teleportation
 i - 2 scrolls of immolation {unknown}
 j - a scroll of fog {unknown}
 k - 3 scrolls of identify {unknown}
 l - a scroll of noise {unknown}
 m - a scroll of blinking {unknown}
 n - a scroll of holy word {unknown}
Potions
 h - a potion of magic {unknown}
 o - a potion of curing {unknown}
 p - a potion of heal wounds {unknown}
 q - a potion of invisibility {unknown}


   Skills:
 + Level 5.3 Fighting
 * Level 6.0 Polearms
 + Level 5.1 Armour
 + Level 5.3 Shields


You had 5 spell levels left.
You didn't know any spells.
Your spell library contained the following spells:

 Spells                   Type           Power      Damage    Failure   Level
 Apportation              Tloc           0%         N/A       87%         1
 Summon Guardian Golem    Hex/Summ       0%         N/A       99%         3
 Alistair's Intoxication  Tmut/Pois      0%         N/A       100%        5
 Orb of Destruction       Conj           0%         9d5       100%        7
 Spellforged Servitor     Conj/Summ      0%         N/A       100%        7


Dungeon Overview and Level Annotations

Branches:
Dungeon (4/15)
 Temple: D:4-7

Altars:

Annotations:
D:4 Duvessa


Innate Abilities, Weirdness & Mutations

You have a pair of horns on your head.
You reflexively headbutt those who attack you in melee.


Message History

Dowan is moderately wounded.
Dowan barely misses you.
You barely miss Dowan. You headbutt Dowan!
Dowan is almost dead.
Dowan casts a spell at you. The puff of flame hits you.
You closely miss Dowan. Your headbutt misses Dowan.
Dowan is almost dead.
You hit Duvessa but do no damage. You barely miss Dowan. You headbutt Dowan.
Dowan is almost dead.
The iguana bites you but does no damage.
Duvessa hits you with a +0 short sword. Dowan casts a spell at you.
The puff of frost hits you!
You miss Dowan.
Dowan is almost dead.
The iguana barely misses you. You furiously retaliate!
You headbutt the iguana. Duvessa hits you but does no damage.
Dowan hits you but does no damage.
You hit Dowan.
You kill Dowan!
Duvessa weeps, and shakes her weapon.
Duvessa goes berserk!
Duvessa hits you with a +0 short sword.
The iguana bites you but does no damage.
Duvessa hits you with a +0 short sword.
Your Polearms skill increases to level 6!
You puncture the iguana!
The iguana is almost dead.
The iguana closely misses you. You block Duvessa's attack.
You hit the iguana.
You headbutt the iguana, but do no damage.
The iguana is almost dead.
Duvessa hits you with a +0 short sword! The iguana bites you.
Duvessa hits you but does no damage.
You closely miss Duvessa.
The iguana bites you but does no damage.
Duvessa hits you with a +0 short sword!!
* * * LOW HITPOINT WARNING * * *
The iguana bites you!
You die...

## ...
#############.##
####...............
......)!...........
......e@...........
......l............
.........##.....#.
..........<.....+
........[.#.....#
######..........#
.............+
###.####.....# ...
#.....#


You could see Duvessa (berserk) and an iguana.

Vanquished Creatures
  Grinder (D:3)
  Sigmund (D:3)
  Dowan (D:4)
  A hound (D:3)
  2 worms (D:3)
  2 dart slugs (D:2)
  An orc (D:3)
  2 ball pythons
  7 endoplasms
  A giant cockroach (D:3)
  5 goblins
  4 hobgoblins
  2 quokkas
  8 bats
  A frilled lizard (D:1)
  5 kobolds
  7 rats
51 creatures vanquished.

Notes
Turn   | Place    | Note
-------+----------+-------------------------------------------
     0 | D:1      | Crownlay the Minotaur Fighter began the quest for the Orb.
     0 | D:1      | Reached XP level 1. HP: 19/19 MP: 0/0
   205 | D:1      | Reached XP level 2. HP: 27/27 MP: 1/1
   232 | D:1      | Reached skill level 3 in Polearms
   316 | D:1      | You fall into a shaft and drop 1 floor!
   878 | D:2      | Reached XP level 3. HP: 33/33 MP: 2/2
   962 | D:2      | Found a faded altar of an unknown god.
  1405 | D:3      | Noticed Sigmund
  1420 | D:3      | Killed Sigmund
  1421 | D:3      | Reached skill level 4 in Polearms
  1421 | D:3      | Reached XP level 4. HP: 10/41 MP: 3/3
  1421 | D:3      | Reached XP level 5. HP: 12/47 MP: 4/4
  1685 | D:3      | Reached skill level 5 in Polearms
  1980 | D:3      | Noticed Grinder
  1994 | D:3      | Killed Grinder
  1995 | D:3      | Reached skill level 5 in Fighting
  1995 | D:3      | Reached skill level 5 in Armour
  1995 | D:3      | Reached skill level 5 in Shields
  1995 | D:3      | Reached XP level 6. HP: 41/56 MP: 5/5
  2413 | D:4      | Noticed Dowan
  2415 | D:4      | Noticed Duvessa
  2423 | D:4      | Killed Dowan
  2424 | D:4      | Reached skill level 6 in Polearms
  2426 | D:4      | Mangled by an iguana

Illustrated notes

Levels and vault maps discovered:
D:1:      noname_arrival_rooms_in_the_neighbourhood, layout_basic
D:2:      layout_basic, chequers_ecumenical_altar_twisty
D:3:      layout_basic, kennysheep_generic_room_4, uniq_grinder, uniq_sigmund
D:4:      minmay_wonky_spiral, layout_basic, gammafunk_temple_overflow_claw,
          temple_statues, kennysheep_opposing_triangles, uniq_pikel,
          uniq_natasha, uniq_duvessa

Skill      XL: |  1  2  3  4  5  6 |
---------------+-------------------+-----
Polearms       | 3 4 5 6 |  6.0
Shields        | 4 5 |  5.3
Fighting       | 4 5 |  5.3
Armour         | 4 5 |  5.1

Action                   |  1- 3 |  4- 6 || total
-------------------------+-------+-------++-------
Melee: Trident           |    90 |    49 ||   139
       Headbutt          |     9 |    11 ||    20
  Use: Scroll            |     1 |       ||     1
       Potion            |     1 |       ||     1
Armor: Scale mail        |    30 |    12 ||    42
Dodge: Dodged            |    22 |    14 ||    36
Block: Buckler           |    11 |     1 ||    12
